 Dungeon Crawl Stone Soup version 0.26-a0-708-g17f3b190f9 (webtiles) character file.

Game seed: 7658905646994456920

1595 Ijustatesigmund the Covert (level 8, -6/48 HPs)
             Began as an Octopode Fighter on Oct 29, 2020.
             Splashed by a jelly's acid (9 damage)
             ... on level 6 of the Dungeon.
             The game lasted 00:08:45 (5936 turns).

Ijustatesigmund the Covert (Octopode Fighter)       Turns: 5936, Time: 00:08:46

Health: -6/48      AC: -11   Str: 16    XL:     8   Next: 93%
Magic:  10/10      EV: 11    Int: 14    God:
Gold:   248        SH:  8    Dex: 11    Spells: 8/9 levels left

rFire    . . .     SeeInvis .   a - +1 war axe
rCold    . . .     Faith    .   b - +0 kite shield
rNeg     . . .     Spirit   .   (helmet restricted)
rPois    .         Reflect  .   f - amulet of magic regeneration
rElec    .         Harm     .   (no ring)
rCorr    .         Rampage  .   (no ring)
MR       .....     Rnd*Rage +   (no ring)
Stlth    +++++.....             (no ring)
HPRegen  0.16/turn              (no ring)
MPRegen  0.37/turn              (no ring)
                                (no ring)
                                (no ring)

@: corroded
A: almost no armour, stealthy swim, amphibious, 8 rings, constrict 8, camouflage
1, berserk 1, clever 1, frail 1, high mp 1, gelatinous body 1
a: no special abilities


You were on level 6 of the Dungeon.
You visited 1 branch of the dungeon, and saw 6 of its levels.

You collected 248 gold pieces.

Inventory:

Hand Weapons
 a - a +1 war axe (weapon)
Missiles
 o - 28 poisoned darts (quivered)
Armour
 b - a +0 kite shield (worn)
Jewellery
 f - an amulet of magic regeneration (around mantle)
Wands
 e - a wand of paralysis (10)
Scrolls
 c - a scroll of amnesia
 d - 3 scrolls of identify
 i - 3 scrolls of remove curse
 j - 3 scrolls of enchant weapon
 m - 2 scrolls of fear
 n - a scroll of random uselessness
Potions
 h - 2 potions of ambrosia {unknown}
 k - 2 potions of berserk rage
 l - a potion of haste
 p - 2 potions of flight
 q - a potion of curing


   Skills:
 * Level 3.6 Fighting
 + Level 7.7 Axes
 - Level 3.0 Dodging
 - Level 10.3 Stealth
 - Level 3.0 Shields
 + Level 1.0 Spellcasting
 + Level 1.1 Transmutations


You had 8 spell levels left.
You knew the following spells:

 Your Spells              Type           Power        Failure   Level
a - Beastly Appendage     Tmut           #.....       61%         1

Your spell library contained the following spells:

 Spells                   Type           Power        Failure   Level
 Wereblood                Tmut           #.......     75%         2
 Spider Form              Tmut/Pois      #.........   96%         3
 Ice Form                 Ice/Tmut       #.......     100%        4
 Blade Hands              Tmut           #.........   100%        5


Dungeon Overview and Level Annotations

Branches:
Dungeon (6/15)             Temple (0/1) D:4

Altars:
Nemelex Xobeh
Trog

Annotations:
D:3 3 runed translucent doors, fritzmikael's ghost, amateur TeFE


Innate Abilities, Weirdness & Mutations

You cannot wear most types of armour.
You are very stealthy in the water. (Stealth+)
You are amphibious.
You can wear up to eight rings at the same time.
You can use your tentacles to constrict eight enemies at once.
Your skin changes colour to match your surroundings (Stealth+).
Your rubbery body absorbs attacks. (AC +1, EV +1)
You tend to lose your temper in combat.
Your mind is acute. (Int +2)
You are frail. (-10% HP)
You have an increased reservoir of magic. (+10% MP)


Message History

You are too injured to fight recklessly!
You are too injured to fight recklessly!
You are too injured to fight recklessly!
You are too injured to fight recklessly!
You hit the jelly but do no damage.
Your tentacles burn!
You squeeze the jelly, but do no damage.
The jelly is severely wounded.
The jelly hits you.
You are splashed with acid.
* * * LOW HITPOINT WARNING * * *
You hit the jelly. The acid corrodes you!
Your tentacles burn!
* * * LOW HITPOINT WARNING * * *
The jelly is severely wounded.
You block the jelly's attack.
You hit the jelly but do no damage. The acid corrodes you!
Your tentacles burn!
* * * LOW HITPOINT WARNING * * *
The jelly is severely wounded.
The jelly barely misses you. The jelly hits you.
* * * LOW HITPOINT WARNING * * *
The acid corrodes you!
You are splashed with acid!
You die...

.......# #... ..
#.##..# #...
#..#...... #..#
#......... #...
#...)รทรท #..#
#...... #..# ##
#(..... #.J# ..
......... #.@##.#
##........ #....#
.......... ##.##.#
###........
#.##.###.....#....
#.................
#.####.........<..
#.# #.......#####
#.# #.........# #
#.# #...#.###.###


You could see a jelly.

Vanquished Creatures
  Grinder (D:4)
  Sigmund (D:2)
  3 ogres
  2 centaurs
  2 bullfrogs (D:6)
  Blork the orc (D:6)
  A howler monkey (D:6)
  2 jellies (D:5)
  An orc priest (D:4)
  2 hounds (D:4)
  An orc wizard (D:4)
  Natasha (thrice) (D:2)
  3 worker ants
  2 hound zombies (D:6)
  2 hound skeletons (D:4)
  A howler monkey zombie (D:6)
  Robin (D:2)
  A gnoll (D:1)
  8 adders
  A worm (D:4)
  5 dart slugs
  2 leopard geckos
  17 orcs
  2 ball pythons
  6 bats
  2 giant cockroaches
  17 goblins
  10 hobgoblins
  14 jackals
  4 quokkas
  9 frilled lizards
  12 kobolds
  10 rats
149 creatures vanquished.

Notes
Turn   | Place    | Note
-------+----------+-------------------------------------------
     0 | D:1      | Ijustatesigmund the Octopode Fighter began the quest for
                  | the Orb.
     0 | D:1      | Reached XP level 1. HP: 16/16 MP: 1/1
    85 | D:1      | Reached skill level 1 in Stealth
   368 | D:1      | Reached XP level 2. HP: 21/21 MP: 2/2
   544 | D:1      | Reached skill level 2 in Stealth
   782 | D:1      | Reached XP level 3. HP: 26/26 MP: 3/3
  1075 | D:2      | Reached skill level 3 in Stealth
  1153 | D:2      | Noticed Robin
  1179 | D:2      | Killed Robin
  1179 | D:2      | Reached XP level 4. HP: 25/31 MP: 4/4
  1676 | D:2      | Reached skill level 4 in Stealth
  1723 | D:2      | Noticed Natasha
  1730 | D:2      | Killed Natasha
  1837 | D:2      | Noticed Sigmund
  1848 | D:2      | Killed Sigmund
  1848 | D:2      | Reached skill level 5 in Stealth
  1848 | D:2      | Reached XP level 5. HP: 26/36 MP: 5/5
  1848 | D:2      | Reached XP level 6. HP: 30/42 MP: 6/6
  2010 | D:2      | Noticed Natasha
  2031 | D:2      | Killed Natasha
  2031 | D:2      | Reached skill level 6 in Stealth
  2036 | D:2      | Noticed Natasha
  2043 | D:2      | Killed Natasha
  2444 | D:3      | Reached skill level 5 in Axes
  2659 | D:3      | Found a sparkling altar of Nemelex Xobeh.
  2946 | D:3      | Reached XP level 7. HP: 46/46 MP: 7/7
  3108 | D:3      | Reached skill level 7 in Stealth
  3180 | D:3      | Found a runed translucent gate.
  3180 | D:3      | Found a runed translucent gate.
  3180 | D:3      | Found a runed translucent gate.
  3182 | D:3      | Noticed fritzmikael's ghost (amateur TeFE)
  4182 | D:4      | Found a staircase to the Ecumenical Temple.
  4185 | D:4      | Noticed Grinder
  4194 | D:4      | Killed Grinder
  4194 | D:4      | Reached skill level 8 in Stealth
  4368 | D:4      | Reached XP level 8. HP: 48/52 MP: 8/8
  4456 | D:5      | Entered Level 5 of the Dungeon
  4470 | D:5      | Reached skill level 9 in Stealth
  4779 | D:5      | Found a bloodstained altar of Trog.
  5019 | D:6      | Gained mutation: Your mind is acute. (Int +2) [potion of
                  | mutation]
  5019 | D:6      | Gained mutation: You tend to lose your temper in combat.
                  | [potion of mutation]
  5019 | D:6      | Gained mutation: You are somewhat resistant to further
                  | mutation. [potion of mutation]
  5020 | D:6      | Lost mutation: You are somewhat resistant to further
                  | mutation. [potion of mutation]
  5020 | D:6      | Gained mutation: You are frail. (-10% HP) [potion of
                  | mutation]
  5020 | D:6      | Gained mutation: You have an increased reservoir of magic.
                  | (+10% MP) [potion of mutation]
  5037 | D:6      | Reached skill level 10 in Stealth
  5489 | D:6      | Learned a level 1 spell: Beastly Appendage
  5508 | D:6      | Noticed Blork the orc
  5517 | D:6      | Killed Blork the orc
  5522 | D:6      | Reached skill level 1 in Spellcasting
  5522 | D:6      | Reached skill level 1 in Transmutations
  5936 | D:6      | Splashed by a jelly's acid

Illustrated notes

Levels and vault maps discovered:
D:1:      doesnt_arrival_eight_statues, layout_basic
D:2:      layout_basic, uniq_natasha, uniq_sigmund, uniq_robin
D:3:      layout_basic, lemuel_crystal_altar, gammafunk_ghost_necromancy
D:4:      layout_basic, minmay_temple_entry_junction, uniq_grinder
D:5:      layout_basic, trog_book
D:6:      layout_loops_ring, uniq_edmund, uniq_blork_the_orc

Skill      XL: |  1  2  3  4  5  6  7  8 |
---------------+-------------------------+-----
Stealth        | 1 2 3 5 6 8 10 | 10.3
Axes           | 3 4 5 6 7 |  7.7
Spellcasting   | 1 |  1.0
Transmutations | 1 |  1.1
Fighting       | |  3.6
Dodging        | |  3.0
Shields        | |  3.0

Action                   |  1- 3 |  4- 6 |  7- 9 || total
-------------------------+-------+-------+-------++-------
Melee: War axe           |    50 |    80 |   150 ||   280
       Constrict         |    15 |    15 |    39 ||    69
       Tentacles         |     8 |    10 |    33 ||    51
  Use: Scroll            |     6 |       |     8 ||    14
       Potion            |       |     4 |     3 ||     7
 Stab: Sleeping          |     9 |    16 |    17 ||    42
       Distracted        |       |     1 |       ||     1
Armor: Skin              |     1 |     4 |     8 ||    13
Dodge: Dodged            |    12 |    32 |    69 ||   113
Block: Kite shield       |    15 |    26 |    56 ||    97

Table legend: (Time is in decaauts)
 A = Elapsed time spent in this place.
 B = Non-inter-level travel time spent in this place.
 C = Inter-level travel time spent in this place.
 D = Time resting spent in this place.
 E = Time spent auto-exploring this place.
 F = Levels seen in this place.
 G = Mean time per level.
                   A        B        C        D        E       F      G
               +--------+--------+--------+--------+--------+-----+--------+
         Total |   6038 |   5897 |    141 |   1154 |   3777 |   6 | 1006.3 |
       Dungeon |   6038 |   5897 |    141 |   1154 |   3777 |   6 | 1006.3 |
               +--------+--------+--------+--------+--------+-----+--------+

Top non-repeatable levels by time:
     D:2: 1631 daAuts
     D:3: 1127 daAuts
     D:1: 1060 daAuts
     D:6: 949 daAuts
     D:4: 721 daAuts
     D:5: 547 daAuts
